AoeStats
← jphilkill

MegaRandom

507791046Analyzed
4v4 RM · 13d ago on Sep 19, 2026· 70m 59s· 8 players
Game mode
Random Map
Map size
Large (8 player)
Population
200
Speed
Normal
Resources
Standard
Victory
Conquest
Starting age
Dark Age
Ending age
Imperial Age
RankedLock teamsTeams togetherTeam positionsShared explorationLock speedFull tech treeHidden civsTurbo modeCheats
Victory
Defeat
🇩🇪 Saracens · Germany
791
+13
🇳🇱 Portuguese · Netherlands
755
+15
🇮🇳 Franks · India
718
+16
🇺🇸 Sicilians · United States
670
+18
🇩🇪 Huns · Germany
846
-21
🇭🇰 Italians · Hong Kong SAR China
691
-14
🇺🇸 Persians · United States
685
-14
🇭🇰 Khitans · Hong Kong SAR China
671
-13
Catholic King ArmandoNL
2:23 Loom
2:33 Loom
13:19 Feudal Age
14:30 Man-at-Arms
24:18 Castle Age
23:12 Double-Bit Axe
23:09 Horse Collar
25:19 Heavy Plow
25:31 Bow Saw
26:06 Elite Skirmisher
28:27 Wheelbarrow
30:41 Gold Mining
30:41 Stone Mining
31:09 Hand Cart
32:19 Fortified Wall
32:05 Murder Holes
32:20 Masonry
32:31 Ballistics
32:22 Masonry
33:04 Thumb Ring
32:20 Pikeman
32:47 Gambesons
38:24 Imperial Age
36:00 Scale Barding Armor
35:55 Scale Mail Armor
35:56 Padded Archer Armor
35:46 Fletching
36:07 Forging
38:54 Bodkin Arrow
39:34 Iron Casting
39:15 Chain Mail Armor
39:15 Leather Archer Armor
39:21 Chain Barding Armor
38:30 Capped Ram
42:52 Chemistry
42:23 Architecture
41:59 Siege Engineers
44:59 Two-Man Saw
44:04 Sappers
45:45 Conscription
50:26 Sanctity
50:17 Fervor
50:50 Treadmill Crane
52:17 Halberdier
52:17 Long Swordsman
52:43 Arson
52:33 Crossbowman
55:02 Husbandry
55:22 Bloodlines
55:27 Light Cavalry
58:10 Atonement
61:39 Two-Handed Swordsman
61:42 Cavalier
64:22 Arquebus
65:27 Caravan
69:39 Block Printing
69:35 Redemption
69:33 Devotion
70:08 Theocracy
69:32 Herbal Medicine
Tha_JB
1:57 Loom
13:26 Feudal Age
14:16 Double-Bit Axe
15:09 Wheelbarrow
15:19 Town Watch
16:48 Horse Collar
18:04 Forging
19:37 Gold Mining
27:15 Castle Age
26:23 Bloodlines
26:07 Fletching
29:21 Hand Cart
29:21 Bow Saw
29:14 Heavy Plow
30:37 Gold Shaft Mining
29:55 Stone Mining
30:22 Caravan
34:05 Husbandry
35:46 Fortified Wall
35:57 Ballistics
37:33 Town Patrol
40:50 Imperial Age
40:03 Iron Casting
39:33 Scale Barding Armor
38:53 Elite Skirmisher
41:10 Heavy Camel Rider
41:12 Elite Mameluke
42:28 Hoardings
42:14 Conscription
43:20 Murder Holes
45:04 Two-Man Saw
46:44 Blast Furnace
45:39 Bodkin Arrow
45:45 Scale Mail Armor
46:06 Chain Barding Armor
47:46 Bracer
56:33 Capped Ram
59:07 Plate Barding Armor
58:48 Chain Mail Armor
58:33 Padded Archer Armor
58:45 Siege Engineers
68:17 Spies/Treason
iKalakamalaka
15:57 Feudal Age
16:34 Double-Bit Axe
16:32 Horse Collar
16:46 Gold Mining
16:47 Town Watch
19:01 Arson
20:29 Wheelbarrow
20:16 Loom
25:13 Forging
25:04 Scale Mail Armor
33:51 Fletching
38:11 Castle Age
37:59 Stone Mining
40:25 Stone Shaft Mining
40:25 Gold Shaft Mining
40:12 Bow Saw
40:43 Pikeman
42:00 Masonry
42:11 Ballistics
44:02 Caravan
44:41 Iron Casting
44:27 Chain Mail Armor
51:17 Bodkin Arrow
54:14 Imperial Age
52:07 Hand Cart
54:15 Town Patrol
54:15 Gambesons
56:52 Chemistry
55:50 Murder Holes
55:41 Arrowslits
56:35 Guilds
56:14 Capped Ram
57:00 Elite Serjeant
58:55 Heavy Plow
60:13 Blast Furnace
59:56 Plate Mail Armor
60:56 Conscription
61:12 Hauberk
62:29 Halberdier
67:40 Hoardings
nilendra.sinha
5:41 Loom
11:34 Feudal Age
14:15 Wheelbarrow
17:34 Castle Age
16:20 Forging
16:18 Double-Bit Axe
16:50 Gold Mining
17:45 Stone Mining
18:10 Scale Barding Armor
22:08 Hand Cart
24:01 Scale Mail Armor
23:31 Pikeman
27:50 Gold Shaft Mining
27:04 Town Watch
30:43 Chain Barding Armor
35:51 Imperial Age
35:19 #83
37:23 Conscription
37:23 Chain Mail Armor
37:12 Husbandry
40:45 Bow Saw
42:48 Chemistry
42:55 Cavalier
44:42 Paladin
46:01 Plate Barding Armor
46:00 Plate Mail Armor
50:09 Chivalry
58:28 Caravan
68:45 Spies/Treason
jgreen48
4:23 Loom
11:54 Feudal Age
15:10 Town Watch
21:21 Castle Age
22:11 Double-Bit Axe
25:18 Wheelbarrow
24:51 Horse Collar
29:53 Hand Cart
32:08 Scale Barding Armor
32:14 Forging
33:03 Town Patrol
33:21 Bloodlines
35:12 Kamandaran
38:12 Imperial Age
35:32 Elite Skirmisher
38:30 Crossbowman
39:16 Thumb Ring
40:15 Block Printing
44:46 Bow Saw
44:40 Fletching
45:26 Iron Casting
45:12 Chain Barding Armor
46:54 Chemistry
49:13 Pikeman
50:30 Scale Mail Armor
52:10 Squires
55:21 Citadels
56:19 Halberdier
On2toy
10:31 Feudal Age
11:43 Double-Bit Axe
11:41 Horse Collar
15:50 Wheelbarrow
23:16 Castle Age
24:20 Hand Cart
27:44 Bow Saw
35:39 Imperial Age
33:24 Gold Mining
33:27 Stone Mining
35:16 Silk Road
35:10 Caravan
35:40 Coinage
38:33 Banking
41:02 Fortified Wall
40:43 Heated Shot
41:14 Ballistics
41:54 Chemistry
41:19 Ballistics
40:50 Heated Shot
43:00 Two-Man Saw
42:02 Heavy Plow
42:56 Pirotechnia
45:35 Elite Genoese Crossbowman
47:26 Thumb Ring
54:21 Forging
54:18 Padded Archer Armor
54:08 Fletching
arbeecheung
2:20 Loom
12:00 Feudal Age
13:04 Double-Bit Axe
14:43 Domestication
21:15 Scale Barding Armor
21:22 Forging
27:26 Castle Age
26:01 Fletching
26:12 Padded Archer Armor
33:16 Stone Mining
33:16 Gold Mining
36:21 Pastoralism
36:46 Bow Saw
36:55 Gold Mining
39:51 Stone Shaft Mining
40:15 Wheelbarrow
44:13 Hand Cart
46:03 Caravan
jphilkill
1:23 Loom
11:16 Feudal Age
16:01 Castle Age
14:45 Double-Bit Axe
14:54 Stone Mining
21:17 Scale Mail Armor
22:11 Gold Mining
24:13 Wheelbarrow
23:21 Horse Collar
24:53 Forging
24:13 Pikeman
27:54 Scale Barding Armor
36:33 Heavy Plow
37:07 Murder Holes
37:16 Fletching
37:51 Elite Skirmisher
38:38 Thumb Ring
40:09 Chain Barding Armor
40:58 Bodkin Arrow
42:43 Bow Saw
47:48 Imperial Age
Connection lost

Rejoining the realm…

Still unreachable

The connection could not be restored.

Session expired

The server has moved on; the page needs a fresh start.